 Dungeon Crawl Stone Soup version 0.31-a0-202-g547052bce9 (webtiles) character file.

Game seed: 916562585442789119

42 qw the Shooter (level 3, -2/20 HPs)
             Began as a Deep Elf Hunter on June 26, 2023.
             Slain by a goblin
             ... wielding a +0 dagger
             ... led by Robin
              (5 damage)
             ... on level 2 of the Dungeon.
             The game lasted 00:00:18 (803 turns).

qw the Shooter (Deep Elf Hunter)                     Turns: 803, Time: 00:00:18

Health: -2/20      AC:  3    Str: 10    XL:     3   Next: 33%
Magic:  5/5        EV: 12    Int: 13    God:
Gold:   59         SH:  0    Dex: 18    Spells: 2/2 levels left

rFire   . . .        Y - +0 shortbow
rCold   . . .        (shield currently unavailable)
rNeg    . . .        c - +0 leather armour
rPois   .            (no helmet)
rElec   .            (no cloak)
rCorr   .            (no gloves)
SInv    .            (no boots)
Will    .....        (no amulet)
Stlth   ++           (no ring)
HPRegen 0.23/turn    (no ring)
MPRegen 0.09/turn

%: no passive effects
@: no status effects
A: no striking features
a: no special abilities


You were on level 2 of the Dungeon.
You visited 1 branch of the dungeon, and saw 2 of its levels.

You collected 59 gold pieces.


   Skills:
 - Level 1.5 Fighting
 + Level 6.9 Ranged Weapons
 - Level 2.4 Dodging
 - Level 1.2 Stealth


You had 2 spell levels left.
You didn't know any spells.
Your spell library was empty.

Inventory:

Hand Weapons
 Y - a +0 shortbow (weapon)
Armour
 c - a +0 leather armour (worn)
Jewellery
 b - a ring of protection from cold
Scrolls
 a - 2 scrolls of teleportation
 e - a scroll of identify
Potions
 d - a potion of heal wounds {unknown}
 f - a potion of cancellation {unknown}

Dungeon Overview and Level Annotations

Branches:
Dungeon (2/15)

Altars:

Annotations:
D:2 Robin


Message History

The arrow hits the goblin!
You kill the goblin!
You hear a shout! x2
A goblin comes into view. It is wielding a +0 club.
Robin of the Strong Arm comes into view.
They are wielding a +0 falchion.
A goblin comes into view. It is wielding a +0 club.
You hear a shout!
Robin shouts!
You shoot an arrow. The arrow closely misses the goblin.
The goblin shouts!
A hobgoblin comes into view.
A goblin comes into view. It is wielding a +0 dagger.
Robin says, "My goblins will feast on your bones."
Robin throws the goblin at you!
You shoot an arrow. The arrow closely misses the goblin.
The arrow hits the worm.
The worm is lightly wounded.
The goblin hits you but does no damage.
You shoot an arrow. The arrow closely misses the goblin.
The arrow hits the worm.
The worm is moderately wounded.
The goblin barely misses you.
You shoot an arrow. The arrow hits the goblin.
The goblin is moderately wounded.
A goblin comes into view. It is wielding a +0 dagger.
The goblin hits you with a +0 dagger.
You shoot an arrow. The arrow hits the goblin.
The goblin is heavily wounded.
Robin roars a battlecry!
The goblins go into a battle-frenzy!
The goblin barely misses you. The goblin hits you with a +0 dagger.
The goblin barely misses you.
You shoot an arrow. The arrow hits the goblin!
You kill the goblin!
A rat comes into view.
The goblin hits you with a +0 club.
You shoot an arrow. The arrow barely misses the goblin.
The arrow closely misses the goblin.
The goblin hits you with a +0 club. Robin throws the goblin at you!
The goblin closely misses you. The goblin hits you with a +0 dagger.
You die...

#..............
#.............
##.............
.............. ..
#.......... .#
..r##..gw.... #.#
?..ggggg##.# ..##
..)..g.@#..##
....#
.).####gg...###..#
##..#.....#
##.##...##
#........#
#......#.#
#......#.#
>.####......# .
#......>....#


You could see a worm, Robin, a hobgoblin (strong), 7 goblins and a rat.

Vanquished Creatures
  An adder (D:2)
  3 ball pythons
  A bat (D:1)
  3 endoplasms
  2 giant cockroaches (D:2)
  5 goblins
  6 jackals
  2 kobolds (D:1)
  A quokka (D:1)
  2 rats (D:1)
26 creatures vanquished.

Notes
Turn   | Place    | Note
-------+----------+-------------------------------------------
     0 | D:1      | qw the Deep Elf Hunter began the quest for the Orb.
     0 | D:1      | Reached XP level 1. HP: 12/12 MP: 3/3
     0 | D:1      | 0 ||| qw: Version: 0.3-a-22-g0ed2b0b
     0 | D:1      | 0 ||| qw: Game counter: 6188
     0 | D:1      | 0 ||| qw: Melee chars always use a shield: true
     0 | D:1      | 0 ||| qw: God list: Okawaru
     0 | D:1      | 0 ||| qw: Allow faded altars: false
     0 | D:1      | 0 ||| qw: Do Orc after clearing Dungeon:15 true
     0 | D:1      | 0 ||| qw: Do second Lair branch before Depths: true
     0 | D:1      | 0 ||| qw: Lair rune preference: random
     0 | D:1      | 0 ||| qw: Goals: Normal
     0 | D:1      | 0 ||| PLANNING D:1-11
   255 | D:1      | Reached XP level 2. HP: 16/16 MP: 4/4
   256 | D:1      | Reached skill level 6 in Ranged Weapons
   642 | D:1      | 642 ||| READING 2 scrolls labelled REDUSI PYOXT.
   646 | D:1      | 646 ||| READING 2 scrolls labelled IXYRAFOENO.
   647 | D:1      | 647 ||| DROPPING scroll of butterflies.
   757 | D:2      | Reached XP level 3. HP: 18/20 MP: 5/5
   796 | D:2      | Noticed Robin
   803 | D:2      | HP: 3/20 [goblin/+0 club[Robin] (4)]
   803 | D:2      | Slain by a goblin

Levels and vault maps discovered:
D:1:      minmay_arrival_stair_chambers, layout_loops_ring, nrook_mini_backslash
D:2:      layout_rooms, uniq_robin, uniq_jessica

Skill      XL: |  1  2 |
---------------+-------+-----
Ranged Weapons | 6 |  6.9
Fighting       | |  1.5
Dodging        | |  2.4
Stealth        | |  1.2

Action                     || total
---------------------------++-------
   Fire: Shortbow          ||    81
    Use: Scroll            ||     2
 Armour: Leather armour    ||    10
  Dodge: Dodged            ||    36

Table legend:
 A = Non-vault XP
 B = Vault XP
 C = Vault XP percentage of total XP
 D = Non-vault monster count
 E = Vault monster count
 F = Vault count percentage of total count
                 A         B        C        D         E       F
            +---------+---------+-------+---------+---------+-------
      Total |      54 |       6 |  10.0 |      23 |       3 |  11.5
            +---------+---------+-------+---------+---------+-------
        D:1 |      23 |       0 |   0.0 |      13 |       0 |   0.0
        D:2 |      31 |       6 |  16.2 |      10 |       3 |  23.1
            +---------+---------+-------+---------+---------+-------
